General information
- name: BNet
- type: Ladder team game (AT/RT)
- host: Battle.net
- saver: Liko
map: Cherryville
- players: 8
- length: 04:30
- speed: Fast
- version: 1.26 W3XP
- replay type: Public
» download(28 KB)
Players
team 1 (loser)

»
FeeDMeeMDeeF (
green | 43 APM | 190 actions | 04:25)
1 Priestess of the Moon
1 Trueshot Aura
» actions
| Assign group hotkey | 3 | |
| Build / train | 13 | |
| Enter build submenu | 8 | |
| Enter hero's abilities submenu | 1 | |
| Right click | 63 | |
| Select / deselect | 45 | |
| Select group hotkey | 47 | |
| Use ability | 10 | |
190 total
» units
» buildings
| Altar of Elders | 1 | |
| Moon Well | 4 | |
| Hunter's Hall | 1 | |
| Ancient of War | 2 | |
8 total
» build order
00:14 Altar of Elders
00:19 Moon Well
01:59 Hunter's Hall
02:06 Ancient of War
02:08 Ancient of War
02:50 Moon Well
02:53 Moon Well
03:32 Moon Well

»
lok0_0 (
yellow | 62 APM | 273 actions | 04:22)
1 Blademaster
1 Wind Walk
» actions
| Assign group hotkey | 4 | |
| Build / train | 19 | |
| Enter build submenu | 6 | |
| Enter hero's abilities submenu | 1 | |
| Right click | 85 | |
| Select / deselect | 74 | |
| Select group hotkey | 76 | |
| Use ability | 8 | |
273 total
» units
| Peon | 11 | |
| Troll Headhunter/Berserker | 4 | |
15 total
» buildings
| Altar of Storms | 1 | |
| Orc Burrow | 2 | |
| War Mill | 1 | |
| Barracks | 1 | |
| Voodoo Lounge | 1 | |
| Stronghold | 1 | |
7 total
» build order
00:24 Altar of Storms
00:38 Orc Burrow
01:08 War Mill
01:19 Barracks
01:43 Orc Burrow
01:57 Voodoo Lounge
03:58 Stronghold
» items

»
droptactics (
orange | 23 APM | 104 actions | 04:29)
1 Keeper of the Grove
1 Force of Nature
» actions
| Build / train | 21 | |
| Enter build submenu | 7 | |
| Enter hero's abilities submenu | 1 | |
| Right click | 21 | |
| Select / deselect | 42 | |
| Use ability | 12 | |
104 total
» units
» buildings
| Moon Well | 3 | |
| Altar of Elders | 1 | |
| Ancient of War | 1 | |
| Ancient of Wonders | 1 | |
| Tree of Ages | 1 | |
7 total
» build order
00:38 Moon Well
00:52 Altar of Elders
01:07 Ancient of War
01:22 Ancient of Wonders
01:51 Moon Well
02:09 Moon Well
03:48 Tree of Ages
TheEndofIT (
teal | 48 APM | 206 actions | 04:16)
2 Archmage
1 Blizzard
1 Brilliance Aura
» actions
| Assign group hotkey | 2 | |
| Basic commands | 3 | |
| Build / train | 17 | |
| Enter build submenu | 9 | |
| Enter hero's abilities submenu | 2 | |
| Right click | 102 | |
| Select / deselect | 46 | |
| Select group hotkey | 11 | |
| Use ability | 14 | |
206 total
» units
» upgrades
» buildings
| Lumber Mill | 2 | |
| Altar of Kings | 1 | |
| Farm | 4 | |
| Scout Tower | 1 | |
| Keep | 2 | |
| Arcane Tower | 1 | |
11 total
» build order
00:15 Lumber Mill
00:24 Lumber Mill
00:26 Altar of Kings
00:28 Farm
01:06 Farm
01:47 Farm
02:17 Scout Tower
02:44 Keep
02:44 Keep
02:53 Arcane Tower
02:58 Farm
team 2 (winner)
nigers-r-apes (
pink | 41 APM | 185 actions | 04:30)
1 Warden
1 Shadow Strike
» actions
| Build / train | 22 | |
| Enter build submenu | 8 | |
| Enter hero's abilities submenu | 1 | |
| Right click | 75 | |
| Select / deselect | 64 | |
| Use ability | 15 | |
185 total
» units
» buildings
| Altar of Elders | 1 | |
| Moon Well | 3 | |
| Ancient of War | 1 | |
| Hunter's Hall | 1 | |
| Tree of Life | 1 | |
| Tree of Ages | 2 | |
9 total
» build order
00:10 Altar of Elders
00:13 Moon Well
00:52 Ancient of War
01:32 Moon Well
01:50 Moon Well
02:25 Hunter's Hall
03:46 Tree of Life
04:08 Tree of Ages
04:09 Tree of Ages
KODOS_FORSAKEN (
purple | 95 APM | 427 actions | 04:30)
2 Blademaster
1 Wind Walk
1 Critical Strike
» actions
| Assign group hotkey | 47 | |
| Build / train | 23 | |
| Enter build submenu | 7 | |
| Enter hero's abilities submenu | 2 | |
| Right click | 203 | |
| Select / deselect | 55 | |
| Select group hotkey | 67 | |
| Use ability | 23 | |
427 total
» units
» buildings
| Altar of Storms | 1 | |
| Orc Burrow | 2 | |
| Voodoo Lounge | 1 | |
| War Mill | 1 | |
| Watch Tower | 1 | |
| Stronghold | 2 | |
8 total
» build order
00:09 Altar of Storms
00:22 Orc Burrow
00:52 Voodoo Lounge
01:09 War Mill
02:28 Watch Tower
02:44 Stronghold
04:00 Orc Burrow
» items
| Healing Salve | 1 | |
| Lesser Clarity Potion | 1 | |
| Scroll of Speed | 1 | |
| Circlet of Nobility | 1 | |
| Boots of Speed | 1 | |
| Staff of Teleportation | 1 | |
6 total
Liko (
red | 61 APM | 274 actions | 04:30)
2 Death Knight
1 Death Coil
1 Unholy Aura
» actions
| Assign group hotkey | 23 | |
| Basic commands | 6 | |
| Build / train | 18 | |
| ESC pressed | 1 | |
| Enter build submenu | 8 | |
| Enter hero's abilities submenu | 2 | |
| Right click | 72 | |
| Select / deselect | 77 | |
| Select group hotkey | 48 | |
| Use ability | 19 | |
274 total
» units
| Acolyte | 5 | |
| Ghoul | 3 | |
| Crypt Fiend | 2 | |
10 total
» buildings
| Graveyard | 1 | |
| Crypt | 1 | |
| Altar of Darkness | 1 | |
| Ziggurat | 2 | |
| Tomb of Relics | 1 | |
| Halls of the Dead | 1 | |
| Necropolis | 1 | |
8 total
» build order
00:12 Graveyard
00:19 Crypt
00:50 Altar of Darkness
01:11 Ziggurat
02:02 Tomb of Relics
02:22 Ziggurat
04:01 Halls of the Dead
04:28 Necropolis
» items
| Rod of Necromancy | 1 | |
| Sacrificial Skull | 3 | |
4 total
Rockopotamus (
blue | 37 APM | 167 actions | 04:30)
1 Archmage
1 Summon Water Elemental
» actions
| Assign group hotkey | 12 | |
| Basic commands | 9 | |
| Build / train | 17 | |
| Enter build submenu | 6 | |
| Enter hero's abilities submenu | 1 | |
| Right click | 37 | |
| Select / deselect | 51 | |
| Select group hotkey | 26 | |
| Use ability | 8 | |
167 total
» units
» upgrades
» buildings
| Altar of Kings | 1 | |
| Barracks | 1 | |
| Farm | 2 | |
| Lumber Mill | 1 | |
| Keep | 1 | |
| Arcane Vault | 1 | |
7 total
» build order
00:08 Altar of Kings
00:15 Barracks
00:23 Farm
01:08 Farm
01:52 Lumber Mill
02:46 Keep
03:56 Arcane Vault
Chat log
(00:03 / All) Liko: kodos #1
(00:06 / All) KODOS_FORSAKEN: kodo #1
(00:13 / Allies) KODOS_FORSAKEN: anyone wanna feed me
(00:17 / All) KODOS_FORSAKEN: lmao sup green?
(00:25 / Allies) nigers-r-apes: why dont you just expo
(00:31 / Allies) nigers-r-apes: like everyone else
(00:35 / Allies) KODOS_FORSAKEN: why dont you just feed me and then ill expo
(00:35 / All) FeeDMeeMDeeF: #1 in what? massing games and having no life in wc3? lol
(00:39 / All) FeeDMeeMDeeF: gj kiddo
(00:40 / Allies) KODOS_FORSAKEN: then u can do w./e
(00:46 / All) KODOS_FORSAKEN: #1 fan
(00:48 / All) KODOS_FORSAKEN: ;)
(00:54 / All) TheEndofIT: how long does it take you to get a game?
(00:58 / All) FeeDMeeMDeeF: you should apply for the #1 nerd
(01:01 / All) FeeDMeeMDeeF: you will win
(01:04 / All) KODOS_FORSAKEN: who me?
(01:08 / All) TheEndofIT: yeah
(01:10 / All) nigers-r-apes: The same time it takes a nigger to take the trash out
(01:12 / All) KODOS_FORSAKEN: like 2 mins
(01:13 / All) nigers-r-apes: 9 months
(01:16 / All) TheEndofIT: I have to make new accounts when it gets to the half hour mark
(01:25 / All) KODOS_FORSAKEN: i dont try to win all my games
(02:03 / All) KODOS_FORSAKEN: why you hate me green im pro?
(02:04 / All) TheEndofIT: what is harder 4 vs 4 or 1 vs 1?
(02:10 / All) KODOS_FORSAKEN: lol
(02:13 / All) Liko: 1s has more skill
(02:15 / All) FeeDMeeMDeeF: you are a loser who thinks hes good
(02:18 / All) Liko: but 3 people are very heavy
(02:19 / All) KODOS_FORSAKEN: im a solo pro
(02:33 / All) TheEndofIT: yeah 600-420
(02:34 / All) FeeDMeeMDeeF: no you arent, you havent been in any good leagues or match ups
(02:38 / All) FeeDMeeMDeeF: you are all talk
(02:44 / Allies) nigers-r-apes: blue
(02:45 / Allies) nigers-r-apes: come
(02:46 / Allies) nigers-r-apes: ima expo
(02:50 / All) KODOS_FORSAKEN: im rank 1 solo pro
(02:50 / All) TheEndofIT: anything that much higher than 50% is really good
(02:56 / All) FeeDMeeMDeeF: no you arent
(02:58 / All) Liko: he is
(03:02 / All) KODOS_FORSAKEN: whos rank1 then lol
(03:09 / All) FeeDMeeMDeeF: play asia server, play in leagues then i MIGHT agree you are good if you win
(03:21 / All) FeeDMeeMDeeF: you mass SOLO games in a game that is 10 years old...
(03:21 / All) KODOS_FORSAKEN: kodo reps usa
(03:23 / All) KODOS_FORSAKEN: usa #1
(03:27 / All) FeeDMeeMDeeF: you have ZERO league games
(03:36 / All) nigers-r-apes: gooks are good at everyone minus humanitarian issues
(03:55 / All) KODOS_FORSAKEN: lol kodo #1
(04:02 / All) Rockopotamus: religion is for morons
(04:07 / All) Rockopotamus: just thought u all should know
(04:12 / All) TheEndofIT: wow and you hyack
(04:14 / All) TheEndofIT: that is why gg
(04:14 / Allies) nigers-r-apes: blue
(04:20 / All) KODOS_FORSAKEN: LOL
(04:22 / All) FeeDMeeMDeeF: hacker UP!
(04:23 / All) KODOS_FORSAKEN: fear aura tot he max
(04:28 / Allies) nigers-r-apes: lolol